NCAA
MINNESOTA GOLDEN GOPHERS @ INDIANA HOOSIERS
05/18/2024
 
TOP OF THE 1ST
Minnesota Golden Gophers batting - Pitching for Indiana Hoosiers : RHP Jeff Mann
Pitching: RHP Jeff Mann
Batting: RHB Carlos López 0-0: Called Strike
0-1: Fly out, F3 (Popup, 3SF)
Batting: SHB Van White 0-0: Called Strike
0-1: Swinging Strike
0-2: Ball
1-2: Strikes out looking
Batting: LHB Matt Murphy 0-0: Called Strike
0-1: Ball
1-1: Ball
2-1: Called Strike
2-2: Ball
3-2: Fly out, F7 (Flyball, 7M)
Top of the 1st over - 0 run(s), 0 hit(s), 0 error(s), 0 left on base; Minnesota 0 - Indiana 0
BOTTOM OF THE 1ST
Indiana Hoosiers batting - Pitching for Minnesota Golden Gophers : LHP Michael Sims
Pitching: LHP Michael Sims
Batting: LHB Arturo Álvarez 0-0: Ball
1-0: Ball
2-0: Ball
3-0: Called Strike
3-1: Foul Ball, location: 2F
3-2: Ground out 6-3 (Groundball, 6)
Batting: RHB Tom McCoy 0-0: Ball
1-0: Foul Ball, location: 2F
1-1: Foul Ball, location: 2F
1-2: Strikes out swinging
Batting: LHB Randy Ortíz 0-0: Ground out 4-3 (Groundball, 4)
Bottom of the 1st over - 0 run(s), 0 hit(s), 0 error(s), 0 left on base; Minnesota 0 - Indiana 0
TOP OF THE 2ND
Minnesota Golden Gophers batting - Pitching for Indiana Hoosiers : RHP Jeff Mann
Batting: RHB Brady McIntyre 0-0: Ball
1-0: Ball
2-0: Swinging Strike
2-1: Swinging Strike
2-2: Ground out 5-3 (Groundball, 5)
Batting: RHB Esteban Ayala 0-0: Called Strike
0-1: SINGLE (Line Drive, 56D)
Batting: RHB Ben Lund 0-0: Called Strike
Esteban Ayala steals 2nd base
0-1: Called Strike
0-2: SINGLE (Groundball, 6D)
Esteban Ayala to third
Runner from 3rd tries for Home, SAFE, no throw or cutoff
Batting: LHB Nick Hopper 0-0: SINGLE (Line Drive, 78S)
Ben Lund to second
Batting: RHB Tim Glendonwyn 0-0: Ball
1-0: Ball
2-0: Ball
3-0: Called Strike
3-1: Base on Balls
Ben Lund to third
Nick Hopper to second
Batting: RHB Félix Escamilla 0-0: Foul Ball, location: 2F
0-1: SINGLE (Line Drive, 78M)
Ben Lund scores
Nick Hopper to third
Tim Glendonwyn to second
Runner from 3rd tries for Home, SAFE, throw made home
Tim Glendonwyn to third
Félix Escamilla to second
Batting: RHB Carlos López 0-0: Foul Ball, location: 2F
0-1: Ball
1-1: Ball
2-1: Called Strike
2-2: Strikes out swinging
Batting: SHB Van White 0-0: Ball
1-0: Ball
2-0: Called Strike
2-1: Called Strike
2-2: Strikes out looking
Top of the 2nd over - 3 run(s), 4 hit(s), 0 error(s), 2 left on base; Minnesota 3 - Indiana 0
BOTTOM OF THE 2ND
Indiana Hoosiers batting - Pitching for Minnesota Golden Gophers : LHP Michael Sims
Batting: RHB Gus Bryant 0-0: Called Strike
0-1: SOLO HOME RUN (Flyball, 7D), Distance : 365 ft
Batting: RHB Stephen Concepción 0-0: Called Strike
0-1: Foul Ball, location: 2F
0-2: Foul Ball, location: 2F
0-2: Foul Ball, location: 2F
0-2: Ground out 5-3 (Groundball, 5)
Batting: RHB Wayne Carter 0-0: Fly out, F4 (Popup, 4M)
Batting: RHB Jaime Morán 0-0: Swinging Strike
0-1: Ball
1-1: Foul Ball, location: 2F
1-2: Strikes out swinging
Bottom of the 2nd over - 1 run(s), 1 hit(s), 0 error(s), 0 left on base; Minnesota 3 - Indiana 1
TOP OF THE 3RD
Minnesota Golden Gophers batting - Pitching for Indiana Hoosiers : RHP Jeff Mann
Batting: LHB Matt Murphy 0-0: Called Strike
0-1: Foul Ball, location: 2F
0-2: Ball
1-2: Foul Ball, location: 2F
1-2: Ball
2-2: Foul Ball, location: 2F
2-2: Strikes out swinging
Batting: RHB Brady McIntyre 0-0: Ball
1-0: Ball
2-0: Ball
3-0: Base on Balls
Batting: RHB Esteban Ayala 0-0: Ball
1-0: Fly out, F9 (Line Drive, 9M)
Batting: RHB Ben Lund 0-0: Called Strike
0-1: Ball
1-1: Foul Ball, location: 2F
1-2: Foul Ball, location: 2F
1-2: Ball
2-2: Ball
3-2: Foul Ball, location: 2F
3-2: Ground out U3 (Groundball, 3)
Top of the 3rd over - 0 run(s), 0 hit(s), 0 error(s), 1 left on base; Minnesota 3 - Indiana 1
BOTTOM OF THE 3RD
Indiana Hoosiers batting - Pitching for Minnesota Golden Gophers : LHP Michael Sims
Batting: LHB Dave Joyner 0-0: Ball
1-0: Foul Ball, location: 2F
1-1: Ball
2-1: Swinging Strike
2-2: Ball
3-2: Foul Ball, location: 2F
3-2: Fly out, F8 (Line Drive, 8RS)
Batting: RHB Armando Bernard 0-0: Swinging Strike
0-1: Foul Ball, location: 2F
0-2: SINGLE (Groundball, 6MD)
Batting: LHB Arturo Álvarez 0-0: Fly out, F7 (Flyball, 78S)
Batting: RHB Tom McCoy 0-0: Ball
1-0: Ground out 5-3 (Groundball, 5S)
Bottom of the 3rd over - 0 run(s), 1 hit(s), 0 error(s), 1 left on base; Minnesota 3 - Indiana 1
TOP OF THE 4TH
Minnesota Golden Gophers batting - Pitching for Indiana Hoosiers : RHP Jeff Mann
Batting: LHB Nick Hopper 0-0: Called Strike
0-1: Swinging Strike
0-2: Ball
1-2: Strikes out swinging
Batting: RHB Tim Glendonwyn 0-0: Called Strike
0-1: Ball
1-1: Ball
2-1: Swinging Strike
2-2: Strikes out looking
Batting: RHB Félix Escamilla 0-0: Called Strike
0-1: Foul Ball, location: 2F
0-2: Foul Ball, location: 2F
0-2: Ball
1-2: Ball
2-2: Fly out, F8 (Flyball, 8RM)
Top of the 4th over - 0 run(s), 0 hit(s), 0 error(s), 0 left on base; Minnesota 3 - Indiana 1
BOTTOM OF THE 4TH
Indiana Hoosiers batting - Pitching for Minnesota Golden Gophers : LHP Michael Sims
Batting: LHB Randy Ortíz 0-0: Foul Ball, location: 2F
0-1: Swinging Strike
0-2: Foul Ball, location: 2F
0-2: Strikes out looking
Batting: RHB Gus Bryant 0-0: SINGLE (Line Drive, 7LS)
Batting: RHB Stephen Concepción 0-0: Ball
1-0: Called Strike
1-1: Foul Ball, location: 2F
1-2: Strikes out swinging
Batting: RHB Wayne Carter 0-0: Ball
Gus Bryant is caught stealing 2nd base
Bottom of the 4th over - 0 run(s), 1 hit(s), 0 error(s), 0 left on base; Minnesota 3 - Indiana 1
TOP OF THE 5TH
Minnesota Golden Gophers batting - Pitching for Indiana Hoosiers : RHP Jeff Mann
Batting: RHB Carlos López 0-0: Ball
1-0: Fly out, F7 (Flyball, 78M)
Batting: SHB Van White 0-0: Foul Ball, location: 2F
0-1: Foul Ball, location: 2F
0-2: Ball
1-2: SINGLE (Groundball, 6MD)
Pitching: RHP Charles Piper
Batting: LHB Matt Murphy 0-0: Called Strike
0-1: Ball
Pickoff Throw to First - Error! E1
Van White to second
1-1: SINGLE (Groundball, 4MD)
Van White to third
Runner from 3rd tries for Home, SAFE, no throw or cutoff
Batting: RHB Brady McIntyre 0-0: Called Strike
0-1: Called Strike
0-2: Foul Ball, location: 2F
0-2: Ball
1-2: Fly out, F7 (Line Drive, 7M)
Batting: RHB Esteban Ayala 0-0: Foul Ball, location: 2F
0-1: Swinging Strike
0-2: Ball
1-2: Fly out, F9 (Flyball, 9S)
Top of the 5th over - 1 run(s), 2 hit(s), 1 error(s), 1 left on base; Minnesota 4 - Indiana 1
BOTTOM OF THE 5TH
Indiana Hoosiers batting - Pitching for Minnesota Golden Gophers : LHP Michael Sims
Batting: RHB Wayne Carter 0-0: Ball
1-0: Ball
2-0: Foul Ball, location: 2F
2-1: Ball
3-1: Called Strike
3-2: Foul Ball, location: 2F
3-2: Base on Balls
Batting: RHB Jaime Morán 0-0: Ball
1-0: Ball
2-0: Ball
3-0: Base on Balls
Wayne Carter to second
Batting: LHB Dave Joyner 0-0: Ball
1-0: Ball
2-0: Ball
3-0: Called Strike
3-1: Called Strike
3-2: Reached on Error, E9 (Flyball, 89M)
Wayne Carter to third
Jaime Morán to second
Batting: RHB Armando Bernard 0-0: Foul Ball, location: 2F
0-1: Ball
1-1: Ball
2-1: Ball
3-1: Foul Ball, location: 2F
3-2: Fielders Choice at 2nd, 5-4 (Groundball, 56)
Wayne Carter scores
Jaime Morán to third
Batting: LHB Arturo Álvarez 0-0: Ball
1-0: Ball
2-0: Ball
Wild Pitch!
Jaime Morán scores
Armando Bernard to second
3-0: Called Strike
3-1: Base on Balls
Pitching: RHP Roberto Encarnación
Batting: RHB Tom McCoy 0-0: Swinging Strike
0-1: Ball
Armando Bernard steals 3rd base
Arturo Álvarez to second
1-1: Ball
2-1: Foul Ball, location: 2F
2-2: SINGLE (Flyball, 89S)
Armando Bernard scores
Arturo Álvarez to third
Runner from 3rd tries for Home, SAFE, no throw or cutoff
Batting: LHB Randy Ortíz 0-0: Foul Ball, location: 2F
0-1: Ball
1-1: Ball
2-1: Swinging Strike
2-2: Foul Ball, location: 2F
2-2: Ball
3-2: Strikes out swinging
Batting: RHB Gus Bryant 0-0: Called Strike
0-1: Ball
1-1: Foul Ball, location: 2F
1-2: Foul Ball, location: 2F
1-2: Ground out 5-3 (Groundball, 5S)
Bottom of the 5th over - 4 run(s), 1 hit(s), 1 error(s), 1 left on base; Minnesota 4 - Indiana 5
TOP OF THE 6TH
Minnesota Golden Gophers batting - Pitching for Indiana Hoosiers : RHP Charles Piper
Batting: RHB Ben Lund 0-0: Ball
1-0: Ball
2-0: Called Strike
2-1: Foul Ball, location: 2F
2-2: Ball
3-2: Foul Ball, location: 2F
3-2: Ground out 4-3 (Groundball, 4)
Batting: LHB Nick Hopper 0-0: Foul Ball, location: 2F
0-1: Foul Ball, location: 2F
0-2: Ball
1-2: Foul Ball, location: 2F
1-2: Strikes out looking
Batting: RHB Tim Glendonwyn 0-0: Ball
1-0: Foul Ball, location: 2F
1-1: DOUBLE (Line Drive, 8LM)
Batting: RHB Félix Escamilla 0-0: Foul Ball, location: 2F
0-1: Foul Ball, location: 2F
0-2: Ball
1-2: Foul Ball, location: 2F
1-2: Ball
2-2: Strikes out swinging
Top of the 6th over - 0 run(s), 1 hit(s), 0 error(s), 1 left on base; Minnesota 4 - Indiana 5
BOTTOM OF THE 6TH
Indiana Hoosiers batting - Pitching for Minnesota Golden Gophers : RHP Roberto Encarnación
Batting: RHB Stephen Concepción 0-0: Called Strike
0-1: Called Strike
0-2: Strikes out swinging
Batting: RHB Wayne Carter 0-0: Called Strike
0-1: Ball
1-1: Ball
2-1: Ground out 6-3 (Groundball, 6M)
Batting: RHB Jaime Morán 0-0: Foul Ball, location: 2F
0-1: Ball
1-1: Swinging Strike
1-2: Ball
2-2: Ball
3-2: Base on Balls
Batting: LHB Dave Joyner 0-0: Ball
Pickoff Throw to First - Error! E1
Jaime Morán to second
1-0: SINGLE (Groundball, 4MD)
Jaime Morán to third
Runner from 3rd tries for Home, SAFE, no throw or cutoff
Batting: RHB Armando Bernard 0-0: Ball
1-0: Called Strike
1-1: Called Strike
1-2: Ball
2-2: Ball
3-2: Strikes out swinging
Bottom of the 6th over - 1 run(s), 1 hit(s), 1 error(s), 1 left on base; Minnesota 4 - Indiana 6
TOP OF THE 7TH
Minnesota Golden Gophers batting - Pitching for Indiana Hoosiers : RHP Charles Piper
Batting: RHB Carlos López 0-0: SINGLE (Line Drive, 78S)
Batting: SHB Van White 0-0: Called Strike
0-1: Swinging Strike
0-2: Strikes out swinging
Pitching: LHP Vicente Hinojosa
Batting: LHB Matt Murphy 0-0: Ball
1-0: Ball
Carlos López is caught stealing 2nd base
2-0: Ball
3-0: Base on Balls
Batting: RHB Brady McIntyre 0-0: Ball
1-0: Ball
2-0: Foul Ball, location: 2F
2-1: Ball
3-1: Swinging Strike
3-2: Base on Balls
Matt Murphy to second
Batting: RHB Esteban Ayala 0-0: Fly out, F9 (Flyball, 89M)
Top of the 7th over - 0 run(s), 1 hit(s), 0 error(s), 2 left on base; Minnesota 4 - Indiana 6
BOTTOM OF THE 7TH
Indiana Hoosiers batting - Pitching for Minnesota Golden Gophers : RHP Roberto Encarnación
Batting: LHB Arturo Álvarez 0-0: Ball
1-0: Ball
2-0: Ball
3-0: Base on Balls
Batting: RHB Tom McCoy 0-0: Called Strike
0-1: Ball
1-1: Ball
2-1: Sac Bunt - play at first, batter OUT! 5-3
Arturo Álvarez to second
Pitching: RHP Ron Roach
Batting: LHB Randy Ortíz 0-0: Ball
1-0: Ball
2-0: Ground out 4-3 (Groundball, 34)
Arturo Álvarez to third
Batting: RHB Gus Bryant 0-0: SINGLE (Line Drive, 56D)
Arturo Álvarez scores
Batting: RHB Stephen Concepción 0-0: Foul Ball, location: 2F
0-1: Called Strike
0-2: Fly out, F8 (Flyball, 8LM)
Bottom of the 7th over - 1 run(s), 1 hit(s), 0 error(s), 1 left on base; Minnesota 4 - Indiana 7
TOP OF THE 8TH
Minnesota Golden Gophers batting - Pitching for Indiana Hoosiers : LHP Vicente Hinojosa
Batting: RHB Ben Lund 0-0: Foul Ball, location: 2F
0-1: Swinging Strike
0-2: Strikes out swinging
Batting: LHB Nick Hopper 0-0: Ball
1-0: Ball
2-0: Ball
3-0: Base on Balls
Pitching: RHP John Turner
Batting: RHB Tim Glendonwyn 0-0: Fly out, F7 (Flyball, 78M)
Batting: RHB Félix Escamilla 0-0: Ball
1-0: Ball
2-0: SINGLE (Line Drive, 56D)
Nick Hopper to second
Batting: RHB Carlos López 0-0: Called Strike
0-1: Ball
1-1: Ball
2-1: Called Strike
2-2: Strikes out looking
Top of the 8th over - 0 run(s), 1 hit(s), 0 error(s), 2 left on base; Minnesota 4 - Indiana 7
BOTTOM OF THE 8TH
Indiana Hoosiers batting - Pitching for Minnesota Golden Gophers : RHP Ron Roach
Batting: RHB Wayne Carter 0-0: Ground out 6-3 (Groundball, 6)
Batting: RHB Jaime Morán 0-0: Ball
1-0: Swinging Strike
1-1: Swinging Strike
1-2: Fly out, F8 (Flyball, 8RM)
Batting: LHB Dave Joyner 0-0: Foul Ball, location: 2F
0-1: Swinging Strike
0-2: Ball
1-2: Ball
2-2: Ball
3-2: Base on Balls
Batting: RHB Armando Bernard 0-0: Ball
1-0: Fly out, F4 (Popup, 4D)
Bottom of the 8th over - 0 run(s), 0 hit(s), 0 error(s), 1 left on base; Minnesota 4 - Indiana 7
TOP OF THE 9TH
Minnesota Golden Gophers batting - Pitching for Indiana Hoosiers : RHP John Turner
Pitching: RHP Lawrence Wilson
Batting: SHB Van White 0-0: Ball
1-0: Called Strike
1-1: Foul Ball, location: 2F
1-2: Strikes out swinging
Batting: LHB Matt Murphy 0-0: Ball
1-0: Called Strike
1-1: Swinging Strike
1-2: Foul Ball, location: 2F
1-2: Fly out, F9 (Flyball, 89M)
Batting: RHB Brady McIntyre 0-0: Called Strike
0-1: Ball
1-1: Foul Ball, location: 2F
1-2: Strikes out swinging
Top of the 9th over - 0 run(s), 0 hit(s), 0 error(s), 0 left on base; Minnesota 4 - Indiana 7
This league is powered by Out of the Park Baseball, the baseball management simulation game for PC, Mac and Linux
Saturday, April 9th, 2016 - OOTP Baseball 16.8 Build 38